 Dungeon Crawl Stone Soup version 0.32-a0-540-g866d13106e (webtiles) character file.

Game seed: 16709143794880409682

23 Dittersdorf the Shield-Bearer (level 2, -4/19 HPs)
             Began as a Gargoyle Fighter on Feb 28, 2024.
             Slain by Natasha (7 damage)
             ... on level 2 of the Dungeon.
             The game lasted 00:00:28 (958 turns).

Dittersdorf the Shield-Bearer (Gargoyle Fighter)     Turns: 958, Time: 00:00:29

Health: -4/19      AC: 12    Str: 19    XL:     2   Next: 95%
Magic:  2/2        EV:  7    Int:  8    God:
Gold:   54         SH:  4    Dex:  9    Spells: 1/1 levels left

rFire   . . .        a - +0 flail
rCold   . . .        c - +0 buckler
rNeg    + . .        l - +0 chain mail
rPois   ∞            (no helmet)
rElec   +            (no cloak)
rCorr   .            (no gloves)
SInv    .            (no boots)
Will    .....        (no amulet) Stlth
                     (no ring)
HPRegen 0.23/turn    (no ring)
MPRegen 0.08/turn

%: no passive effects
@: no status effects
A: sickness immunity, AC +2, negative energy resistance 1, electricity
resistance, torment resistance 1, petrification resistance
a: no special abilities


You were on level 2 of the Dungeon.
You visited 1 branch of the dungeon, and saw 2 of its levels.

You collected 54 gold pieces.

Inventory:

Hand Weapons
 a - a +0 flail (weapon)
Armour
 c - a +0 buckler (worn)
 l - a +0 chain mail (worn)
Scrolls
 b - a scroll of noise {unknown}
 e - a scroll of identify {unknown}
 i - a scroll of silence {unknown}
 j - a scroll of acquirement {unknown}
 k - a scroll of amnesia {unknown}
 m - a scroll of blinking {unknown}
Potions
 d - a potion of might
 f - a potion of heal wounds {unknown}
 g - a potion of haste {unknown}
 h - a potion of curing {unknown}


   Skills:
 + Level 3.6 Fighting
 + Level 2.4 Maces & Flails
 + Level 3.6 Armour
 + Level 3.6 Shields


You had one spell level left.
You didn't know any spells.
Your spell library was empty.

Dungeon Overview and Level Annotations

Branches:
Dungeon (2/15)

Altars:

Annotations:
D:2 Natasha


Innate Abilities, Weirdness & Mutations

You are immune to sickness and miasma.
Your stone body is resilient. (AC +2)
You are immune to poison.
You resist negative energy. (rN+)
You are resistant to electric shocks. (rElec)
You are resistant to unholy torment.
You are immune to petrification.


Message History

You are too injured to fight recklessly!
You are too injured to fight recklessly!
You are too injured to fight recklessly!
You are too injured to fight recklessly!
You hit Natasha.
Natasha is moderately wounded.
The cerulean imp hits you but does no damage. x2
The hobgoblin hits you but does no damage.
Natasha claws you but does no damage.
You barely miss Natasha.
Natasha is moderately wounded.
The cerulean imp barely misses you. x2; The hobgoblin closely misses you.
Natasha completely misses you.
The cerulean imp hits you but does no damage.
You hit Natasha but do no damage.
Natasha is moderately wounded.
The cerulean imp hits you but does no damage.
The hobgoblin hits you but does no damage.
You block Natasha's attack.
The cerulean imp hits you but does no damage. x2
You closely miss Natasha.
Natasha is moderately wounded.
The hobgoblin completely misses you. Natasha closely misses you.
The cerulean imp hits you but does no damage.
You block the cerulean imp's attack. Natasha claws you but does no damage.
The hobgoblin hits you but does no damage.
You barely miss Natasha.
Natasha is moderately wounded.
The cerulean imp hits you from afar with a +0 spear.
The cerulean imp closely misses you. You block the hobgoblin's attack.
Natasha claws you.
You hit Natasha.
Natasha is severely wounded.
The cerulean imp disappears in a puff of smoke!
The cerulean imp hits you from afar with a +0 spear.
* * * LOW HITPOINT WARNING * * *
The hobgoblin hits you but does no damage.
Natasha claws you!
You die...
Natasha begins licking her fur clean.

#.##.# ##.##.###
#.......# ##..##.###
#...##.# ##..##.#
.#+ #####..##.#
.....#####).....##.#
.....§g@.......###.#
.....#h............#
...[...5.....#.####
...............#
#.###....####.# #
#.#... ..# .....##
### .......


You could see Natasha, a cerulean imp (summoned) and a hobgoblin.

Vanquished Creatures
  An adder (D:2)
  2 ball pythons
  A bat (D:2)
  A giant cockroach (D:1)
  A goblin (D:1)
  A hobgoblin (D:1)
  A frilled lizard (D:1)
  3 kobolds
  2 rats (D:1)
13 creatures vanquished.

Notes
Turn   | Place    | Note
-------+----------+-------------------------------------------
     0 | D:1      | Dittersdorf the Gargoyle Fighter began the quest for the
                  | Orb.
     0 | D:1      | Reached XP level 1. HP: 14/14 MP: 1/1
   368 | D:1      | Reached XP level 2. HP: 17/19 MP: 2/2
   940 | D:2      | Noticed Natasha
   958 | D:2      | Slain by Natasha

Illustrated notes

Levels and vault maps discovered:
D:1:      evilmike_arrival_plus, layout_basic, serial_rivers,
          chequers_serial_rivers_small_3, chequers_serial_rivers_micro_c,
          chequers_serial_rivers_room_b, chequers_serial_rivers_micro_b,
          chequers_serial_rivers_micro_c, nicolae_figureground_pulse
D:2:      layout_basic, uniq_terence, uniq_natasha

Action                     || total
---------------------------++-------
  Melee: Flail             ||    61
 Armour: Scale mail        ||    27
         Chain mail        ||    63
  Dodge: Dodged            ||    33
  Block: Buckler           ||    23

Table legend: (Time is in decaauts)
 A = Elapsed time spent in this place.
 B = Non-inter-level travel time spent in this place.
 C = Inter-level travel time spent in this place.
 D = Time resting spent in this place.
 E = Time spent auto-exploring this place.
 F = Levels seen in this place.
 G = Mean time per level.
                   A        B        C        D        E       F      G
               +--------+--------+--------+--------+--------+-----+--------+
         Total |    986 |    943 |     43 |      0 |    796 |   2 |  493.0 |
       Dungeon |    986 |    943 |     43 |      0 |    796 |   2 |  493.0 |
               +--------+--------+--------+--------+--------+-----+--------+

Top non-repeatable levels by time:
     D:1: 787 daAuts
     D:2: 198 daAuts
